Map: Dusty Gorge

Players

KarJlsoH

  • Race: Protoss Protoss
  • Spawn Location: 3:00

GidroEvon

  • Race: Zerg Zerg
  • League: Platinum
  • Spawn Location: 5:00

Massa - Winner!

  • Race: Terran Terran
  • League: Gold
  • Spawn Location: 11:00

qqq - Winner!

  • Race: Zerg Zerg
  • League: Platinum
  • Spawn Location: 9:00

VOD

Have the link to the VOD?

Description

Time

  • Played on: April 29, 2020, 2:37 p.m.
  • Length: 4:37
Show
View Real Time Build Order
Export as new Build Order

KarJlsoH Protoss 

Build Orders:  

Get SALT Encoding   

  12  0:00  Probe (Chrono Boost)  
  13  0:10  Probe (Chrono Boost)  
  14  0:15  Probe (Chrono Boost)  
  15  0:27  Pylon  
  15  0:31  Assimilator  
  15  0:45  Probe, Gateway  
  16  0:57  Probe  
  17  1:03  Pylon  
  17  1:09  Probe (Chrono Boost)  
  18  1:14  Assimilator  
  18  1:21  Probe (Chrono Boost)  
  19  1:36  Cybernetics Core  
  19  1:38  Zealot  
  21  1:41  Probe  
  22  1:54  Probe  
  23  2:06  Probe  
  24  2:20  Nexus  
  24  2:29  Stargate  
  24  2:40  Stargate  
  24  2:47  Pylon  
  24  3:00  Stargate  
  24  3:02  Probe (Chrono Boost)  
  26  3:13  Probe (Chrono Boost)  
  26  3:17  Probe (Chrono Boost)  
  20  3:47  Probe (Chrono Boost)  
  19  3:58  Probe (Chrono Boost)  
  19  4:01  Probe (Chrono Boost)  
  21  4:02  Probe (Chrono Boost)  
  8  4:28  Pylon  
Show
View Real Time Build Order
Export as new Build Order

GidroEvon Zerg 

Build Orders: Pool First 

Get SALT Encoding   

  12  0:01  Drone  
  13  0:09  Drone  
  14  0:18  Overlord  
  14  0:36  Drone x3  
  14  0:41  Extractor  
  16  0:51  Drone, Spawning Pool  
  16  1:03  Drone  
  17  1:22  Hatchery  
  16  1:27  Drone  
  16  1:30  Drone  
  18  1:33  Drone  
  19  1:42  Zergling x2  
  20  1:53  Zergling x2  
  21  2:04  Metabolic Boost  
  21  2:06  Zergling x2  
  22  2:16  Overlord  
  22  2:34  Queen  
  24  2:37  Zergling x6  
  27  2:44  Queen  
  27  2:47  Overlord  
  27  2:49  Zergling x2  
  30  2:58  Drone x2  
  32  3:05  Baneling Nest  
  31  3:16  Queen  
  31  3:17  Zergling x2  
  31  3:18  Zergling x4  
  36  3:26  Zergling x2  
  31  3:43  Zergling x2  
  31  3:44  Zergling x6  
  32  3:58  Baneling x2  
Show
View Real Time Build Order
Export as new Build Order

Massa Terran - Winner!

Build Orders:  

Get SALT Encoding   

  12  0:12  Supply Depot  
  12  0:13  SCV  
  13  0:25  SCV  
  14  0:35  Barracks  
  14  0:37  SCV  
  15  0:49  SCV  
  16  1:02  SCV, Supply Depot  
  17  1:12  Barracks  
  17  1:15  SCV  
  18  1:24  Barracks  
  18  1:33  Orbital Command  
  18  1:37  Marine  
  19  1:45  Refinery  
  19  1:57  Marine  
  19  1:59  Marine  
  19  2:01  Barracks  
  21  2:06  SCV  
  22  2:14  Marine x2  
  24  2:17  Marine  
  24  2:18  SCV  
  26  2:24  Supply Depot  
  26  2:32  Marine x2  
  26  2:35  Marine  
  29  2:49  Marine x2  
  29  2:50  Marine, Supply Depot  
  32  2:53  Marine  
  33  3:07  Marine x2  
  33  3:08  Marine  
  33  3:10  Marine  
  37  3:25  Marine x2  
  38  3:46  Marine x4  
  42  4:03  Marine  
  42  4:04  Marine x3  
Show
View Real Time Build Order
Export as new Build Order

qqq Zerg - Winner!

Build Orders: Hatch First 

Get SALT Encoding   

  12  0:02  Drone  
  13  0:09  Drone  
  14  0:39  Hatchery  
  13  0:52  Spawning Pool  
  13  0:57  Drone  
  13  0:59  Extractor  
  12  1:06  Overlord  
  13  1:11  Drone  
  13  1:16  Drone  
  14  1:31  Drone x2  
  16  1:43  Drone  
  17  1:49  Baneling Nest  
  17  1:51  Zergling x2  
  17  1:53  Zergling x2  
  18  2:02  Zergling x2  
  18  2:03  Drone  
  20  2:14  Roach Warren  
  19  2:16  Zergling x2  
  19  2:20  Zergling x2  
  21  2:30  Overlord  
  21  2:32  Drone  
  21  2:34  Baneling  
  21  2:36  Baneling  
  22  2:44  Zergling x2  
  22  2:45  Zergling x2  
  22  2:48  Zergling x2  
  25  2:53  Baneling  
  25  2:56  Zergling x2  
  25  2:57  Zergling x2  
  26  3:24  Zergling x4  
  26  3:26  Roach x3  
  28  3:50  Roach x3  
  28  3:51  Drone x2  
  28  3:55  Baneling x2  
  36  4:09  Baneling x2  
Tags
 
Add a new tag
Caveats
  • Supply blocks, unpowered buildings, or Contaminate may cause inaccurate times.
  • Supply counts are checked every 10 seconds.